Map: Cyber Forest LE

Players

eonblu

  • Race: Zerg Zerg
  • League: Grandmaster
  • Spawn Location: 5:00

Elazer - Winner!

  • Race: Zerg Zerg
  • League: Grandmaster
  • Spawn Location: 11:00

Event: HomeStory Cup XIX

VOD

Have the link to the VOD?

Description

Time

  • Played on: June 28, 2019, 9:29 a.m.
  • Length: 4:03

All games in this series

Show
View Real Time Build Order
Export as new Build Order

eonblu Zerg 

Build Orders: Pool First 

Get SALT Encoding   

  12  0:18  Spawning Pool  
  11  0:22  Drone  
  11  0:28  Drone  
  13  0:32  Drone  
  14  0:40  Overlord  
  14  1:05  Zergling x4  
  14  1:06  Zergling x2  
  17  1:13  Extractor  
  16  1:19  Zergling x2  
  16  1:21  Hatchery  
  16  1:28  Zergling x2  
  17  1:39  Queen  
  19  1:45  Zergling x2  
  20  1:51  Drone  
  21  2:02  Overlord  
  21  2:17  Metabolic Boost  
  21  2:22  Zergling x4  
  23  2:33  Zergling x2  
  23  2:34  Zergling x2  
  26  2:47  Zergling x2  
  26  2:50  Zergling x6  
  29  2:55  Zergling x2  
  29  2:57  Zergling x2  
  30  3:05  Zergling x2  
  30  3:10  Zergling x2  
  32  3:17  Zergling x2  
  32  3:18  Zergling x2  
  34  3:20  Zergling x2  
  34  3:25  Zergling x2  
  35  3:30  Overlord  
  34  3:41  Zergling x4  
  34  3:45  Zergling x2  
Show
View Real Time Build Order
Export as new Build Order

Elazer Zerg - Winner!

Build Orders: Hatch First 

Get SALT Encoding   

  12  0:00  Drone  
  13  0:12  Overlord  
  13  0:17  Drone  
  14  0:30  Drone x2  
  16  0:48  Hatchery  
  15  0:51  Drone  
  15  0:54  Drone  
  17  0:58  Drone  
  18  1:08  Extractor  
  17  1:13  Spawning Pool  
  17  1:16  Drone  
  17  1:20  Drone  
  18  1:28  Drone  
  19  2:00  Zergling x6  
  19  2:01  Zergling x2, Queen x2  
  27  2:13  Zergling x2  
  28  2:19  Overlord  
  28  2:26  Metabolic Boost  
  28  2:37  Drone x3  
  31  2:45  Drone x3  
  34  2:56  Overlord  
  34  2:58  Drone  
  34  3:12  Zergling x2  
  35  3:15  Zergling x14  
  42  3:22  Zergling x2  
  42  3:24  Zergling x2  
  42  3:25  Spine Crawler  
  43  3:44  Zergling x4  
Tags
 
Add a new tag
Caveats
  • Supply blocks, unpowered buildings, or Contaminate may cause inaccurate times.
  • Supply counts are checked every 10 seconds.